 Dungeon Crawl Stone Soup version 0.28.0-47-ge53b351184 (webtiles) character file.

Game seed: 7890905576493414609

36 joe1234567 the Skirmisher (level 3, 0/30 HPs)
             Began as a Demonspawn Abyssal Knight on May 7, 2022.
             Was a Believer of Lugonu.
             Slain by Sigmund
             ... wielding a +0 scythe
              (5 damage)
             ... on level 3 of the Dungeon.
             The game lasted 00:08:34 (2243 turns).

joe1234567 the Skirmisher (DsAK)                    Turns: 2243, Time: 00:08:41

Health: 0/30       AC:  5    Str: 15    XL:     3   Next: 19%
Magic:  5/5        EV: 11    Int: 11    God:    Lugonu [**....]
Gold:   95         SH:  0    Dex: 13    Spells: 2/2 levels left

rFire   . . .      SeeInvis .   a - +1 falchion
rCold   . . .      Faith    .   (no shield)
rNeg    . . .      Spirit   .   b - +0 leather armour
rPois   .          Reflect  .   (no helmet)
rElec   .          Harm     .   (no cloak)
rCorr   .          Rampage  .   (no gloves)
Will    .....                   (no boots)
Stlth   +.........              d - amulet of regeneration
HPRegen 0.90/turn               (no ring)
MPRegen 0.09/turn               (no ring)

@: no status effects
A: slimy green scales 1, demonic guardian 1
a: Renounce Religion, Depart the Abyss, Bend Space


You were on level 3 of the Dungeon.
You worshipped Lugonu.
Lugonu was pleased with you.
You visited 1 branch of the dungeon, and saw 3 of its levels.
You visited the Abyss 1 time.

You collected 95 gold pieces.

Inventory:

Hand Weapons
 a - a +1 falchion (weapon)
Missiles
 g - 5 boomerangs of dispersal (quivered)
Armour
 b - a +0 leather armour (worn)
Jewellery
 d - an amulet of regeneration (around neck)
Scrolls
 c - 2 scrolls of fog {unknown}
 i - a scroll of holy word {unknown}
 j - 2 scrolls of identify {unknown}
 l - 2 scrolls of teleportation {unknown}
 m - a scroll of enchant armour {unknown}
Potions
 e - 2 potions of resistance {unknown}
 f - a potion of curing {unknown}
 h - 2 potions of flight {unknown}
 k - a potion of might {unknown}


   Skills:
 + Level 3.6 Fighting
 + Level 2.3 Long Blades
 + Level 1.9 Armour
 + Level 0.9 Dodging
 + Level 0.1 Stealth
 + Level 2.7 Invocations


You had 2 spell levels left.
You didn't know any spells.
Your spell library was empty.

Dungeon Overview and Level Annotations

Branches:
Dungeon (3/15)

Altars:

Annotations:
D:3 Sigmund


Innate Abilities, Weirdness & Mutations

You are partially covered in slimy green scales. (AC +2)
A weak demonic guardian rushes to your aid.


Message History

The bat barely misses you. The bat misses you.
The bat hits you but does no damage. The bat misses you. The bat hits you.
The bat hits you but does no damage. The bat barely misses you.
You slash the bat!
You kill the bat!
Lugonu accepts your kill.
You see here a bat corpse.
Sigmund the Dreaded comes into view.
He is wielding a +0 scythe.
Sigmund shouts!
Sigmund hits you with a +0 scythe.
You barely miss Sigmund. Sigmund barely misses you.
You slash Sigmund!
Sigmund is moderately wounded.
You barely miss Sigmund.
Sigmund is moderately wounded.
Sigmund hits you with a +0 scythe!
You closely miss Sigmund.
Sigmund is moderately wounded.
Sigmund hits you with a +0 scythe!
You completely miss Sigmund.
Sigmund is moderately wounded.
Sigmund hits you but does no damage.
You barely miss Sigmund.
Sigmund is moderately wounded.
Sigmund hits you with a +0 scythe!
* * * LOW HITPOINT WARNING * * *
A demonic guardian appears!
You closely miss Sigmund.
Sigmund is moderately wounded.
You slash Sigmund!
Sigmund is heavily wounded.
Sigmund mumbles some strange words.
Sigmund flickers and vanishes!
Deactivating autopickup; reactivate with Ctrl-A.
Something hits you.
You die...

#.## #.###..... #..###
#.##....##
##...####.#..#..#.
###...#....###...
###...##..#..#.
###...#....##
######.#......#.
######......######...
#..{@..............##
.......5..########.##.#
......#...# # #
#.##.##...# # ## #...#
#...# #...# #...#


You could see a friendly shadow imp (summoned).

Vanquished Creatures
  2 worms (D:2)
  A dart slug (D:1)
  4 bats
  3 endoplasms
  2 giant cockroaches
  A goblin (D:1)
  2 hobgoblins (D:2)
  3 ball pythons
  3 frilled lizards
  3 kobolds (D:1)
  4 rats
28 creatures vanquished.

Vanquished Creatures (collateral kills)
  A ball python (D:2)
1 creature vanquished.

Grand Total: 29 creatures vanquished

Notes
Turn   | Place    | Note
-------+----------+-------------------------------------------
     0 | Abyss:1  | joe1234567 the Demonspawn Abyssal Knight began the quest
                  | for the Orb.
     0 | Abyss:1  | Reached XP level 1. HP: 18/18 MP: 2/2
    18 | D:1      | Escaped the Abyss
   409 | D:1      | Gained mutation: You are partially covered in slimy green
                  | scales. (AC +2) [demonic ancestry]
   409 | D:1      | Reached XP level 2. HP: 24/24 MP: 3/3
   891 | D:2      | Found a faded altar of an unknown god.
  1282 | D:2      | Gained mutation: A weak demonic guardian rushes to your
                  | aid. [demonic ancestry]
  1282 | D:2      | Reached XP level 3. HP: 29/30 MP: 4/4
  1410 | D:2      | Reached ** piety under Lugonu
  2232 | D:3      | Noticed Sigmund
  2243 | D:3      | Slain by Sigmund

Illustrated notes

Levels and vault maps discovered:
D:1:      dpeg_arrival_pits, layout_basic
D:2:      layout_basic, shapermc_ecumenical_altar_totnotflames
D:3:      layout_loops_ring, nemelex_dance_club_becter,
          nicolae_hepliaklqana_monster_ancestors, mainiacjoe_overflow_alcove_2,
          serial_shops, shop, minmay_strange_pillars, kennysheep_potato,
          uniq_sigmund

Skill      XL: |  1  2 |
---------------+-------+-----
Long Blades    | 2 |  2.3
Fighting       | |  3.6
Armour         | |  1.9
Dodging        | |  0.9
Stealth        | |  0.1
Invocations    | |  2.7

Action                   || total
-------------------------++-------
Melee: Falchion          ||    96
       Punch             ||     1
Armor: Leather armour    ||    41
Dodge: Dodged            ||    63
